 Dungeon Crawl Stone Soup version 0.26.0-10-g1f06aea511 (webtiles) character file.

Game seed: 9915046785325646489

53 jackrogers the Cudgeller (level 3, -16/39 HPs)
             Began as an Ogre Berserker on Jan 14, 2021.
             Was a Believer of Trog.
             Demolished by an ogre
             ... wielding a +0 giant club
              (29 damage)
             ... on level 2 of the Dungeon.
             The game lasted 00:01:35 (2138 turns).

jackrogers the Cudgeller (Ogre Berserker)           Turns: 2138, Time: 00:01:35

Health: -16/39     AC:  3    Str: 22    XL:     3   Next: 87%
Magic:  3/3        EV: 10    Int:  8    God:    Trog [**....]
Gold:   123        SH:  0    Dex:  8    Spells: 2/2 levels left

rFire    . . .     SeeInvis .   a - +0 mace
rCold    . . .     Faith    .   (no shield)
rNeg     . . .     Spirit   .   b - +0 animal skin
rPois    .         Reflect  .   (helmet restricted)
rElec    .         Harm     .   (no cloak)
rCorr    .         Rampage  .   (gloves unavailable)
Will     .....                  (boots unavailable)
Stlth    +.........             (no amulet)
HPRegen  0.13/turn              (no ring)
MPRegen  0.08/turn              (no ring)

@: no status effects
A: large, unfitting armour, tough skin 1
a: Renounce Religion, Berserk, Trog's Hand


You were on level 2 of the Dungeon.
You worshipped Trog.
Trog was pleased with you.
You visited 1 branch of the dungeon, and saw 2 of its levels.

You collected 123 gold pieces.

Inventory:

Hand Weapons
 a - a +0 mace (weapon)
Armour
 b - a +0 animal skin (worn)
Jewellery
 h - an uncursed ring of willpower {unknown}
   (You found it on level 1 of the Dungeon)
 i - an uncursed amulet of the acrobat {unknown}
   (You found it on level 1 of the Dungeon)
 l - a +6 ring of intelligence {unknown}
   (You found it on level 2 of the Dungeon)
Scrolls
 d - 2 scrolls of immolation {!r}
 g - 2 scrolls of fog
 j - a scroll of identify {unknown}
 m - a scroll of magic mapping {!r}
Potions
 c - a potion of flight {unknown}
 e - a potion of heal wounds {unknown}
 f - a potion of brilliance {unknown}
 k - a potion of mutation {unknown}


   Skills:
 - Level 4.0 Fighting
 + Level 4.2 Maces & Flails
 - Level 2.6 Dodging


You had 2 spell levels left.
You didn't know any spells.
Your spell library was empty.

Dungeon Overview and Level Annotations

Branches:
Dungeon (2/15)

Altars:


Innate Abilities, Weirdness & Mutations

You are too large for most types of armour.
You have tough skin. (AC +1)


Message History

The leopard gecko bites you but does no damage.
You hit the leopard gecko. The leopard gecko bites you.
The leopard gecko barely misses you.
You hit the leopard gecko. The leopard gecko bites you.
You closely miss the leopard gecko. The leopard gecko bites you. x2
You closely miss the leopard gecko. The leopard gecko misses you.
You miss the leopard gecko. The leopard gecko barely misses you.
The leopard gecko misses you.
You hit the leopard gecko.
You kill the leopard gecko!
Trog accepts your kill.
You see here a leopard gecko corpse.
m - a scroll of magic mapping {!r} You start resting.
A bat and a kobold come into view.
The kobold shouts!
You hear a bark!
You hear a shout!
The bat closely misses you.
A frilled lizard comes into view.
You hear a bark!
There are monsters nearby!
There are monsters nearby!
There are monsters nearby!
You closely miss the bat.
The frilled lizard hisses angrily.
The bat hits you but does no damage. The bat misses you.
You hit the bat.
You kill the bat!
Trog accepts your kill.
A jackal comes into view.
The kobold hits you but does no damage.
The jackal moves out of view.
You hit the kobold but do no damage. The kobold hits you with a +0 club.
You barely miss the kobold. The kobold hits you with a +0 club.
You thump the kobold!
You kill the kobold!
Trog accepts your kill.
A hobgoblin comes into view.
You miss the frilled lizard.
The hobgoblin shouts!
You hear a bark!
The frilled lizard barely misses you.
You hear a bark!
You barely miss the frilled lizard. The frilled lizard barely misses you.
You barely miss the hobgoblin.
The frilled lizard bites you but does no damage.
The hobgoblin hits you.
You hit the hobgoblin.
The frilled lizard bites you but does no damage.
The hobgoblin barely misses you.
A jackal comes into view.
The frilled lizard bites you but does no damage.
The hobgoblin barely misses you.
The jackal barks!
You hit the hobgoblin.
You kill the hobgoblin!
Trog accepts your kill. The frilled lizard closely misses you.
You barely miss the frilled lizard. The frilled lizard bites you.
You sock the frilled lizard!
You kill the frilled lizard!
Trog accepts your kill. The jackal bites you.
You barely miss the jackal.
The jackal bites you but does no damage.
You completely miss the jackal.
The jackal bites you but does no damage. x2
The jackal closely misses you. The jackal barely misses you.
You thump the jackal!
You kill the jackal!
Trog accepts your kill.
The jackal bites you but does no damage.
The jackal closely misses you.
You closely miss the jackal. The jackal bites you.
You closely miss the jackal.
The jackal bites you but does no damage.
The jackal bites you.
You hit the jackal. The jackal closely misses you.
You hit the jackal. The jackal closely misses you. The jackal bites you.
You hit the jackal but do no damage. The jackal closely misses you.
The jackal bites you.
You miss the jackal. The jackal misses you.
You barely miss the jackal. The jackal closely misses you.
The jackal barely misses you.
You sock the jackal!
You kill the jackal!
Trog accepts your kill.
Items here: ) ††††.
You start resting.
Found a stone staircase leading down.
An ogre comes into view. It is wielding a +0 giant club.
Spoiler Alert: The ogre can hit for high damage in melee!
The ogre hits you with a +0 giant club!
You hit the ogre. You hit the ogre. The ogre barely misses you.
You hit the ogre but do no damage. The ogre barely misses you.
You thump the ogre! The ogre hits you with a +0 giant club!
Unknown command.
Spoiler Alert: The ogre can hit for high damage in melee!
You hit the ogre.
The ogre hits you with a +0 giant club!!
Ouch! That really hurt!
You die...

#### ######### ..#
#.......# #.#
#.#####.#
####.###.#####.#.##
#.................#
###
#.##.###.##.#..#..#
.....#.##.#
#.##.#..#..#
#.(O@..#
#...........
#..[..####
#.####...... #.#.##
#.#......... ..
#####....)......
...
#.......###..... ..
#)......# #.)..# .
#.......# #.##÷#
#..[....# #.##..
#.......# #.##.#


You could see an ogre.

Vanquished Creatures
  An adder (D:2)
  2 dart slugs (D:1)
  A worm (D:2)
  A leopard gecko (D:2)
  2 giant cockroaches
  4 goblins (D:1)
  2 hobgoblins
  5 jackals (D:2)
  6 bats
  5 frilled lizards
  5 kobolds
  3 rats
37 creatures vanquished.

Notes
Turn   | Place    | Note
-------+----------+-------------------------------------------
     0 | D:1      | jackrogers the Ogre Berserker began the quest for the Orb.
     0 | D:1      | Reached XP level 1. HP: 24/24 MP: 1/1
    63 | D:1      | Reached skill level 3 in Maces & Flails
   225 | D:1      | Reached XP level 2. HP: 30/32 MP: 2/2
  1315 | D:2      | Reached XP level 3. HP: 36/39 MP: 3/3
  1468 | D:2      | Reached ** piety under Trog
  1737 | D:2      | Reached skill level 4 in Maces & Flails
  2131 | D:2      | Noticed an ogre
  2138 | D:2      | Demolished by an ogre

Illustrated notes

Levels and vault maps discovered:
D:1:      dpeg_arrival_yet_another_circle, layout_basic
D:2:      layout_loops_cross

Skill      XL: |  1  2  3 |
---------------+----------+-----
Maces & Flails | 3 4 |  4.2
Fighting       | |  4.0
Dodging        | |  2.6

Action                   || total
-------------------------++-------
Melee: Mace              ||   154
  Use: Scroll            ||     6
Armor: Animal skin       ||    55
Dodge: Dodged            ||    86

Table legend: (Time is in decaauts)
 A = Elapsed time spent in this place.
 B = Non-inter-level travel time spent in this place.
 C = Inter-level travel time spent in this place.
 D = Time resting spent in this place.
 E = Time spent auto-exploring this place.
 F = Levels seen in this place.
 G = Mean time per level.
                   A        B        C        D        E       F      G
               +--------+--------+--------+--------+--------+-----+--------+
         Total |   2170 |   2111 |     59 |    493 |   1314 |   2 | 1085.0 |
       Dungeon |   2170 |   2111 |     59 |    493 |   1314 |   2 | 1085.0 |
               +--------+--------+--------+--------+--------+-----+--------+

Top non-repeatable levels by time:
     D:1: 1273 daAuts
     D:2: 897 daAuts

Table legend:
 A = Kills in this place as a percentage of kills in entire the game.
 B = Kills by you in this place as a percentage of kills by you in the entire game.
 C = Kills by friends in this place as a percentage of kills by friends in the entire game.
 D = Other kills in this place as a percentage of other kills in the entire game.
 E = Experience gained in this place as a percentage of experience gained in the entire game.
 F = Experience gained in this place divided by the number of levels of this place that you have seen.
                   A       B       C       D       E      F
               +-------+-------+-------+-------+-------+----------------------
         Total | 100.0 | 100.0 |   N/A |   N/A | 100.0 |  38.0
       Dungeon | 100.0 | 100.0 |   N/A |   N/A | 100.0 |  38.0
               +-------+-------+-------+-------+-------+----------------------
